 Dungeon Crawl Stone Soup version 0.19.3-1-g3169bf9 (webtiles) character file.

163 Alarkh the Chopper (level 5, -1/45 HPs)
             Began as a Demonspawn Monk on Jan 26, 2017.
             Slain by an iguana (5 damage)
             ... on level 4 of the Dungeon.
             The game lasted 00:02:16 (2190 turns).

Alarkh the Chopper (Demonspawn Monk)                Turns: 2190, Time: 00:02:17

Health: -1/45      AC: 11    Str: 11    XL:     5   Next: 20%
Magic:  5/5        EV: 11    Int: 15    God:
Gold:   141        SH:  0    Dex: 15    Spells: 0 memorised, 4 levels left

rFire  + . .     SeeInvis .     a - +0 war axe
rCold  . . .     Gourm    .     k - +2 ring mail {rF+}
rNeg   . . .     Faith    .     (no shield)
rPois  .         Spirit   .     (no helmet)
rElec  .         Reflect  .     j - +0 cloak
rCorr  +         Harm     .     i - +0 pair of gloves
MR     .....                    (no boots)
Stlth  ++........               (no amulet)
                                s - ring of wizardry
                                e - ring of resist corrosion

@: no status effects
A: hooves 1, molten scales 1, camouflage 1, clever 1, robust 1
a: no special abilities


You were on level 4 of the Dungeon.
You were not hungry.

You visited 1 branch of the dungeon, and saw 4 of its levels.

You collected 141 gold pieces.

Inventory:

Hand Weapons
 a - a +0 war axe (weapon)
 o - a +0 hand axe
Armour
 b - a +0 robe
 i - a +0 pair of gloves (worn)
 j - a +0 cloak (worn)
 k - a +2 ring mail of fire resistance (worn)
Jewellery
 e - a ring of resist corrosion (left hand)
 s - a ring of wizardry (right hand)
Wands
 q - a wand of flame (34/48)
Scrolls
 d - a scroll of teleportation {unknown}
 f - 3 scrolls of remove curse {unknown}
 g - a scroll of enchant armour {unknown}
 h - a scroll of identify {unknown}
Comestibles
 c - 4 bread rations
 l - 9 fruits
 m - a slice of pizza
 n - a chunk of flesh
 p - a beef jerky


   Skills:
 - Level 3.0 Fighting
 + Level 5.4 Axes
 - Level 2.6 Dodging
 - Level 1.7 Stealth


You had 4 spell levels left.
You didn't know any spells.

Dungeon Overview and Level Annotations

Branches:
Dungeon (4/15)
 Temple: D:4-7

Altars:
Fedhas

Annotations:
D:3 Alarkh's ghost, amateur DsMo


Innate Abilities, Weirdness & Mutations

You have large cloven feet.
You are partially covered in molten scales. (AC +2)
Your skin changes colour to match your surroundings (Stealth+).
Your mind is acute. (Int +2)
You are robust. (+10% HP)


Message History

You are too injured to fight recklessly!
You are too injured to fight recklessly!
You are too injured to fight recklessly!
You barely miss the iguana.
The iguana is severely wounded.
The iguana bites you.
* * * LOW HITPOINT WARNING * * *
The iguana hisses menacingly.
The iguana bites you but does no damage.
You barely miss the iguana.
The iguana is severely wounded.
The iguana barely misses you.
You hit the iguana. You kick the iguana, but do no damage.
The iguana is almost dead.
The iguana bites you!
* * * LOW HITPOINT WARNING * * *
You barely miss the iguana.
The iguana is almost dead.
The iguana bites you.
You die...

#.........## ...
+.........+. ...
#.........## #)#
##.......## #.#
##.....## ##.#
##...## ..# ##'##
# #l# #.#
#.#.###@# #.#
#.......###.#
##.##
###.........#
##...##
#####.#####
#.....#
#.########...##
#........##.######
########.##.##....
#.......###
####.####


You could see an iguana.

Vanquished Creatures
  A scorpion (D:4)
  Ijyb (D:2)
  4 adders
  2 worms
  A leopard gecko (D:2)
  3 orcs (D:3)
  3 ball pythons
  5 giant cockroaches
  2 goblins
  3 hobgoblins
  3 jackals (D:3)
  2 quokkas
  8 bats
  2 frilled lizards
  2 kobolds
  4 rats
46 creatures vanquished.

Notes
Turn   | Place    | Note
-------+----------+-------------------------------------------
     0 | D:1      | Alarkh the Demonspawn Monk began the quest for the Orb.
     0 | D:1      | Reached XP level 1. HP: 18/18 MP: 1/1
   131 | D:1      | Reached skill level 3 in Axes
   261 | D:1      | Gained mutation: You are partially covered in molten scales. (AC +2) [demonic ancestry]
   261 | D:1      | Reached XP level 2. HP: 18/24 MP: 2/2
   707 | D:2      | Reached XP level 3. HP: 27/29 MP: 3/3
   769 | D:2      | Noticed Ijyb
   771 | D:2      | Reached skill level 4 in Axes
   804 | D:2      | Killed Ijyb
  1264 | D:2      | Reached XP level 4. HP: 35/35 MP: 4/4
  1599 | D:2      | Found a blossoming altar of Fedhas.
  1729 | D:3      | Noticed Alarkh's ghost (amateur DsMo)
  1754 | D:3      | Gained mutation: Your skin changes colour to match your surroundings (Stealth+). [potion of mutation]
  1754 | D:3      | Gained mutation: You are robust. (+10% HP) [potion of mutation]
  1754 | D:3      | Gained mutation: Your mind is acute. (Int +2) [potion of mutation]
  2114 | D:4      | Reached skill level 5 in Axes
  2141 | D:4      | Gained mutation: You have large cloven feet. [demonic ancestry]
  2141 | D:4      | Reached XP level 5. HP: 45/45 MP: 5/5
  2190 | D:4      | Slain by an iguana

Skill      XL: |  1  2  3  4 |
---------------+-------------+-----
Axes           | 3 4 5 |  5.4
Fighting       | |  3.0
Dodging        | |  2.6
Stealth        | |  1.7

Action                   |  1- 3 |  4- 6 || total
-------------------------+-------+-------++-------
Melee: Hand axe          |   123 |   105 ||   228
       War axe           |       |    15 ||    15
       Kick              |       |     4 ||     4
  Use: Potion            |     2 |     3 ||     5
 Stab: Sleeping          |     2 |     1 ||     3
  Eat: Chunk             |     1 |     3 ||     4
Armor: Robe              |    31 |       ||    31
       Ring mail         |     9 |    50 ||    59
Dodge: Dodged            |    90 |    55 ||   145
